 Dungeon Crawl Stone Soup version 0.21.1-1-g345015f (webtiles) character file.

185 inc the Scratcher (level 5, 24/24 HPs)
             Began as a Felid Monk on Mar 7, 2018.
             Quit the game on level 3 of the Dungeon.
             The game lasted 00:05:22 (2813 turns).

inc the Scratcher (Felid Monk)                      Turns: 2813, Time: 00:05:22

Health: 24/24      AC:  2    Str:  7    XL:     5   Next: 37%
Magic:  6/6        EV: 21    Int: 14    God:
Gold:   13         SH:  0    Dex: 18    Spells: 3/4 levels left
                                        Lives:  0   Deaths: 1

rFire    . . .     SeeInvis +     - Unarmed
rCold    . . .     Gourm    .   (shield unavailable)
rNeg     . . .     Faith    .   (armour unavailable)
rPois    .         Spirit   .   (helmet unavailable)
rElec    .         Reflect  .   (cloak unavailable)
rCorr    .         Harm     .   (gloves unavailable)
MR       .....                  (boots unavailable)
Stlth    +++.......             (no amulet)
HPRegen  0.08/turn              (no ring)
MPRegen  0.10/turn              (no ring)

@: quick
A: very small, no armour, no weapons or thrown items, stealth, claws 1, fangs 3,
see invisible, carnivore, speed 1, shaggy fur 2, slow metabolism 1, sharp paws
a: no special abilities


You were on level 3 of the Dungeon.
You were not hungry.

You visited 1 branch of the dungeon, and saw 6 of its levels.

You collected 53 gold pieces.
You spent 40 gold pieces at shops.

Inventory:

Wands
 c - a wand of paralysis (11)
Scrolls
 e - a scroll of teleportation {unknown}
 f - 3 scrolls of identify
 g - a scroll of remove curse {unknown}
Potions
 d - a potion of curing {unknown}
Books
 b - a book of Misfortune

   Spells                             Type                      Level
   a - Confusing Touch                Hexes                        1
   b - Confuse                        Hexes                        3
   c - Gell's Gravitas                Translocation                3
   d - Petrify                        Transmutation/Earth          4
   e - Metabolic Englaciation         Hexes/Ice                    5
   f - Yara's Violent Unravelling     Hexes/Transmutation          5
Comestibles
 a - 9 rations


   Skills:
 - Level 3.0 Fighting
 + Level 5.2 Dodging
 - Level 2.6 Stealth
 - Level 6.3 Unarmed Combat
 - Level 3.1 Hexes


You had 3 spell levels left.
You knew the following spells:

 Your Spells              Type           Power        Failure   Level  Hunger
a - Confusing Touch       Hex            #.....       9%          1    ##.....


Dungeon Overview and Level Annotations

Branches:
Dungeon (6/15)
 Temple: D:4-7

Altars:

Shops:
D:4 ?

Annotations:
D:4 Dowan, Duvessa, Menkaure


Innate Abilities, Weirdness & Mutations

You cannot wear armour.
You are incapable of wielding weapons or throwing items.
Your paws allow you to move quietly. (Stealth)
You have sharp claws.
You have razor-sharp teeth.
You have supernaturally acute eyesight. (SInv)
You are carnivorous and can eat meat at any time.
You cover ground quickly.
You are covered in thick fur. (AC +2)
You have a slow metabolism.
Your sharp claws are effective at attacking unaware monsters.


Message History

You scratch the orc but do no damage.
The orc is heavily wounded.
The orc misses you.
You closely miss the orc. The orc barely misses you.
You scratch the orc.
The orc is severely wounded.
The orc closely misses you.
You closely miss the orc.
The orc is severely wounded.
The orc hits you with a hand axe.
* * * LOW HITPOINT WARNING * * *
You scratch the orc.
You kill the orc!
The orc priest mumbles some strange prayers to Beogh against you.
Beogh smites you!
Ouch! That really hurt!
You die...
You are now level 5!
You rejoin the land of the living...
Are you sure you want to abandon this character and quit the game? (Confirm with "yes".)

#.# #.# #.#
######.#####
###..........#
...........#.#
###.####.#.#.#####
#.# #.........#
#.# ###...###@#
#.# ##..# #.# #.#
#<.# #.# #.# #..#
#.# #.#######.>#
#.# #<.........#
#.# #########.##
#.# .. #.# ### #.#


There were no monsters in sight!

Vanquished Creatures
  An ogre (D:4)
  A scorpion (D:4)
  A howler monkey (D:4)
  A crimson imp (D:5)
  An orc wizard (D:4)
  2 centaur skeletons
  An iguana (D:5)
  2 worms
  A dart slug (D:1)
  2 leopard geckos
  5 orcs
  A giant cockroach (D:5)
  A goblin (D:2)
  A hobgoblin (D:1)
  3 quokkas
  2 bats
  A frilled lizard (D:4)
  4 kobolds
  A rat (D:1)
32 creatures vanquished.

Notes
Turn   | Place    | Note
-------+----------+-------------------------------------------
     0 | D:1      | inc the Felid Monk began the quest for the Orb.
     0 | D:1      | Reached XP level 1. HP: 10/10 MP: 2/2
   474 | D:2      | Reached XP level 2. HP: 14/14 MP: 3/3
  1290 | D:4      | Noticed an ogre
  1315 | D:5      | Entered Level 5 of the Dungeon
  1373 | D:6      | Noticed a phantom
  1388 | D:4      | Noticed a howler monkey
  1392 | D:4      | Killed a howler monkey
  1392 | D:4      | Reached skill level 4 in Unarmed Combat
  1392 | D:4      | Reached XP level 3. HP: 17/17 MP: 4/4
  1401 | D:4      | Noticed Menkaure
  1423 | D:4      | Noticed an ogre
  1428 | D:4      | Killed an ogre
  1428 | D:4      | Reached skill level 5 in Unarmed Combat
  1428 | D:4      | Reached XP level 4. HP: 21/21 MP: 5/5
  1428 | D:4      | Reached XP level 5. HP: 24/24 MP: 6/6
  1438 | D:4      | Learned a level 1 spell: Confusing Touch
  1446 | D:4      | Reached skill level 1 in Hexes
  1595 | D:5      | Reached skill level 6 in Unarmed Combat
  2037 | D:5      | Gained mutation: You are covered in thick fur. (AC +2) [Felid growth]
  2037 | D:5      | Reached XP level 6. HP: 22/28 MP: 7/7
  2286 | D:4      | Found Uchomi's Magic Scroll Shoppe.
  2294 | D:4      | Bought a scroll of identify for 20 gold pieces
  2294 | D:4      | Bought a scroll of identify for 20 gold pieces
  2492 | D:4      | Reached skill level 5 in Dodging
  2719 | D:4      | Noticed Duvessa
  2719 | D:4      | Noticed Dowan
  2812 | D:3      | Killed from afar by an orc priest
  2813 | D:3      | Reached XP level 5. HP: -7/24 MP: 6/6
  2813 | D:3      | Quit the game

Skill      XL: |  1  2  3  4  5  6 |
---------------+-------------------+-----
Unarmed Combat | 4 5 6 |  6.3
Hexes          | 3 |  3.1
Dodging        | 5 |  5.2
Fighting       | |  3.0
Stealth        | |  2.6

Action                   |  1- 3 |  4- 6 || total
-------------------------+-------+-------++-------
Melee: Unarmed           |    56 |    78 ||   134
       Bite              |     7 |    11 ||    18
       Punch             |     2 |     1 ||     3
  Use: Scroll            |     2 |     1 ||     3
       Potion            |       |     2 ||     2
 Stab: Sleeping          |     5 |       ||     5
  Eat: Chunk             |       |     2 ||     2
Armor: Skin              |     2 |    11 ||    13
Dodge: Dodged            |    36 |    51 ||    87
